 Dungeon Crawl Stone Soup version 0.17-a0-1954-g0dddeaa (webtiles) character file.

9225 Kagerus the Spear-Bearer (level 11, 0/87 HPs)
             Began as a Human Fighter on Oct 4, 2015.
             Was a Priest of Yredelemnul.
             Slain by a wolf spider simulacrum (1 damage)
             ... in an ice cave on Oct 5, 2015.
             The game lasted 01:17:09 (18017 turns).

Kagerus the Spear-Bearer (Human Fighter)           Turns: 18017, Time: 01:17:15

Health: 0/87       AC: 18    Str: 24    XL:     11   Next: 70%
Magic:  0/15       EV:  7    Int:  9    God:    Yredelemnul [***...]
Gold:   539        SH:  0    Dex: 12    Spells: 0 memorised, 10 levels left

rFire  + . .     SeeInvis +     H - +0 halberd
rCold  . . .     Clarity  .     u - +0 plate armour
rNeg   . . .     SustAt   .     (no shield)
rPois  .         Gourm    .     j - +0 helmet
rElec  .         Spirit   +     r - +0 cloak
rCorr  .         Warding  .     f - +0 pair of gloves
rMut   .         Stasis   .     (no boots)
MR     .....                    x - amulet of guardian spirit
Stlth  ..........               y - ring "Fimeor" {Str+4 SInv Stlth+}
                                M - ring of protection from fire

@: not resistant to hostile enchantments, extremely unstealthy
A: no striking features
a: Animate Dead, Recall Undead Slaves, Injury Mirror, Renounce Religion


You were in an ice cave.
You worshipped Yredelemnul.
Yredelemnul was most pleased with you.
You were not hungry.

You visited 3 branches of the dungeon, and saw 12 of its levels.
You also visited: Ice Cave.

You collected 539 gold pieces.

Inventory:

Hand weapons
 a - a +1 trident
 A - a +1 spear of freezing
 H - a +0 halberd (weapon)
Missiles
 c - 4 throwing nets
 K - 8 tomahawks (quivered)
Armour
 f - a +0 pair of gloves (worn)
 j - a +0 helmet (worn)
 r - a +0 cloak (worn)
 u - a +0 plate armour (worn)
 G - a +2 buckler
 N - a +0 ring mail of cold resistance
Jewellery
 b - an uncursed ring of flight
 l - an uncursed amulet of resist corrosion
 x - an amulet of guardian spirit (around neck)
 y - the ring "Fimeor" (right hand) {Str+4 SInv Stlth+}
   (You found it on level 6 of the Dungeon)

   [ring of stealth]

   It affects your strength (+4).
   It lets you see invisible.
   It makes you more stealthy.
 M - a ring of protection from fire (left hand)
Magical devices
 o - a wand of lightning (0)
 t - a wand of fireball (13)
 E - a wand of teleportation (2)
 F - a wand of digging (8)
Scrolls
 g - 5 scrolls of remove curse
 i - a scroll of enchant weapon
 p - a scroll of fog
 v - 2 scrolls of recharging
 J - a scroll of teleportation
Potions
 d - 3 potions of might
 e - 3 potions of resistance
 n - 5 potions of curing
 q - a potion of berserk rage {unknown}
 s - a potion of haste {unknown}
 w - 4 potions of magic
 z - 2 potions of heal wounds
 B - a potion of cure mutation
 C - 2 potions of agility
 L - a potion of brilliance {unknown}
Miscellaneous
 h - a lamp of fire (inert)
Comestibles
 k - 13 bread rations
 m - 4 beef jerkies
 D - 3 meat rations
 I - 5 chunks of flesh


   Skills:
 * Level 8.8 Fighting
 + Level 11.6 Polearms
 + Level 9.0 Armour
 - Level 3.0 Shields
 - Level 5.3 Invocations
 - Level 3.2 Evocations


You had 10 spell levels left.
You didn't know any spells.

Dungeon Overview and Level Annotations

Branches:
Dungeon (10/15)            Temple (1/1) D:4            Lair (1/8) D:8
    Orc (0/4) D:10

Altars:
Ashenzari
Cheibriados
Dithmenos
Elyvilon
Fedhas
Gozag
Kikubaaqudgha
Makhleb
Nemelex Xobeh
Okawaru
Qazlal
Ru
Sif Muna
Trog
Vehumet
Xom
Yredelemnul
Zin
The Shining One
Beogh

Shops:
D:6 [:   D:8 (

Portals:
Trove: D:10 (give wand of hasting (8))


Message History

The wolf spider simulacrum hits you. The wolf spider simulacrum freezes you!
The wolf spider simulacrum barely misses you.
The death yak simulacrum closely misses you.
You barely miss the wolf spider simulacrum.
The wolf spider simulacrum hits you but does no damage.
The wolf spider simulacrum bites you but does no damage.
The elephant simulacrum tramples you but does no damage.
The elephant simulacrum trunk-slaps you but does no damage.
The wolf spider simulacrum hits you but does no damage.
The wolf spider simulacrum bites you but does no damage.
The death yak simulacrum gores you. The death yak simulacrum freezes you!!!
* * * LOW HITPOINT WARNING * * *
There is an ice choked empty arch of ancient stone here.
The wolf spider simulacrum hits you.
* * * LOW HITPOINT WARNING * * *
The wolf spider simulacrum freezes you!!
* * * LOW HITPOINT WARNING * * *
The wolf spider simulacrum bites you.
You die...
Your body rises from the dead as a mindless zombie.

#####
##...##
##..@..##
#...Z...#
#...ZZ..#
##..Z..##
##...##
#...#
##...#
#...#
...##


You could see a death yak simulacrum, 2 elephant simulacra and a wolf spider
simulacrum.

Vanquished Creatures
  2 two-headed ogres
  A deep elf mage (D:10)
  The ghost of Kusio the Poker, an average DsAK of Lugonu (D:3)
  7 yaks
  A hungry ghost (D:7)
  A hippogriff (D:10)
  3 wargs
  A porcupine (Lair:1)
  3 orc warriors
  A sky beast (D:6)
  A centaur (D:10)
  A necrophage (D:10)
  6 ogres
  4 ice beasts
  A gnoll sergeant (D:5)
  6 giant frogs
  4 scorpions
  A water moccasin skeleton (D:4)
  7 killer bees
  4 wights
  3 crimson imps
  2 giant frog zombies
  5 hounds
  A centaur skeleton (D:10)
  3 jellies
  A centaur zombie (D:7)
  11 orc wizards
  A giant frog skeleton (D:5)
  10 orc priests
  Terence (D:2)
  4 iguanas
  7 worker ants
  2 hound zombies
  A hound skeleton (D:10)
  7 adders
  6 gnolls
  A shadow imp (D:6)
  7 river rats (Lair:1)
  5 white imps (Lair:1)
  2 adder zombies
  An orc zombie (D:10)
  8 adder skeletons
  3 worms
  3 giant geckos
  37 orcs
  A ball python (D:2)
  A bat zombie (D:2)
  4 giant cockroaches
  10 hobgoblins
  22 jackals
  9 kobolds
  8 quokkas
  6 bats
  3 giant cockroach zombies (D:2)
  7 giant newts
  9 goblins
  2 quokka skeletons (D:2)
  A quokka zombie (D:2)
  6 rats
  A plant (D:2)
278 creatures vanquished.

Vanquished Creatures (collateral kills)
  Harold (D:10)
  2 hill giants
  A gargoyle (D:10)
  A yak (D:10)
  A hippogriff (Lair:1)
  2 orc warriors
  A phantom (D:7)
  2 ogres
  A killer bee (D:9)
  2 wights (D:9)
  A jelly (D:10)
  2 hounds
  2 orc priests (D:10)
  A crimson imp (D:7)
  2 orc wizards
  An adder (D:9)
  A gnoll (D:5)
  7 white imps (Lair:1)
  11 orcs
  A quokka (D:7)
  A fungus (Lair:1)
44 creatures vanquished.

Vanquished Creatures (others)
  A hill giant zombie (D:10)
  A human zombie (D:10)
  An orc warrior (D:7)
  A yak zombie (D:8)
  A two-headed ogre zombie (D:10)
  A human skeleton (D:10)
  2 killer bee zombies
  2 ogre zombies
  A dwarf skeleton (D:10)
  A scorpion zombie (D:10)
  9 orc zombies
  An adder zombie (D:6)
  A gnoll skeleton (D:5)
  2 orc skeletons
25 creatures vanquished.

Grand Total: 347 creatures vanquished

Notes
Turn   | Place    | Note
--------------------------------------------------------------
     0 | D:1      | Kagerus the Human Fighter began the quest for the Orb.
     0 | D:1      | Reached XP level 1. HP: 18/18 MP: 1/1
   185 | D:1      | Reached XP level 2. HP: 20/24 MP: 2/2
   668 | D:1      | Reached XP level 3. HP: 29/29 MP: 3/3
   966 | D:2      | Found an iron altar of Okawaru.
  1027 | D:2      | Found an opulent altar of Gozag.
  1155 | D:2      | Reached skill level 4 in Polearms
  1155 | D:2      | Reached XP level 4. HP: 19/35 MP: 4/4
  2230 | D:2      | Noticed Terence
  2243 | D:2      | Killed Terence
  2243 | D:2      | Reached skill level 5 in Polearms
  2243 | D:2      | Reached XP level 5. HP: 41/41 MP: 5/5
  2271 | D:2      | Noticed an ogre
  2286 | D:2      | Killed an ogre
  2286 | D:2      | Reached XP level 6. HP: 47/47 MP: 6/6
  2429 | D:2      | Reached skill level 6 in Polearms
  3402 | D:3      | Noticed Kusio's ghost (average DsAK)
  3418 | D:3      | Killed Kusio's ghost
  3418 | D:3      | Reached skill level 7 in Polearms
  3418 | D:3      | Reached XP level 7. HP: 32/52 MP: 7/7
  3552 | D:3      | Found a basalt altar of Yredelemnul.
  3561 | D:3      | Became a worshipper of Yredelemnul the Dark
  4207 | D:4      | Found a staircase to the Ecumenical Temple.
  4237 | Temple   | Entered the Ecumenical Temple
  4541 | D:4      | Reached skill level 8 in Polearms
  5069 | D:4      | Found a deep blue altar of Sif Muna.
  5424 | D:4      | Found a glowing silver altar of Zin.
  5663 | D:4      | Reached XP level 8. HP: 21/60 MP: 8/8
  6082 | D:5      | Entered Level 5 of the Dungeon
  6104 | D:5      | Acquired Yredelemnul's first power
  6157 | D:5      | HP: 2/60 [orc priest/divine providence (14)]
  6656 | D:5      | Found a glowing golden altar of the Shining One.
  7375 | D:5      | Reached skill level 5 in Fighting
  7375 | D:5      | Reached skill level 5 in Armour
  8392 | D:6      | Found Cagytuibb's Book Shoppe.
  8451 | D:6      | Found Luzamnih's Antique Armour Emporium.
  8532 | D:6      | Reached XP level 9. HP: 51/68 MP: 9/9
  8573 | D:6      | Reached skill level 1 in Invocations
  8586 | D:6      | Reached skill level 1 in Evocations
  8597 | D:6      | Found a bloodstained altar of Trog.
  8930 | D:6      | Got a bound glass ring
  9522 | D:6      | Identified the ring "Fimeor" {Str+4 SInv Stlth+} (You found it on level 6 of the Dungeon)
  9953 | D:7      | Reached skill level 5 in Invocations
 10257 | D:7      | You fall through a shaft for 3 floors!
 10257 | D:10     | Entered Level 10 of the Dungeon
 10320 | D:10     | Found a staircase to the Orcish Mines.
 10450 | D:8      | Found a staircase to the Lair.
 10787 | D:8      | Acquired Yredelemnul's second power
 10833 | D:8      | Reached XP level 10. HP: 34/76 MP: 14/14
 11031 | D:8      | Found Qape's Weapon Emporium.
 11216 | D:7      | Reached skill level 9 in Polearms
 12492 | D:8      | Found an iron altar of Okawaru.
 12704 | D:8      | Found an ancient bone altar of Kikubaaqudgha.
 13818 | D:9      | Reached skill level 10 in Polearms
 15004 | D:10     | Noticed a hill giant
 15034 | D:9      | Killed a hill giant
 15034 | D:9      | Reached XP level 11. HP: 73/86 MP: 15/15
 15817 | D:10     | Found a portal to a secret trove of treasure.
 15821 | D:10     | Noticed Harold
 15835 | D:10     | Killed Harold
 15835 | D:10     | Reached skill level 11 in Polearms
 15840 | D:10     | Acquired Yredelemnul's third power
 16210 | D:10     | Noticed a hill giant
 16228 | D:10     | Killed a hill giant
 16855 | D:10     | Found a roughly hewn altar of Beogh.
 16887 | D:10     | Your ally Harold died
 17666 | Lair:1   | Entered Level 1 of the Lair of Beasts
 17840 | Lair:1   | Received a gift from Yredelemnul
 17985 | Lair:1   | Found a frozen archway.
 18009 | IceCv    | Entered an ice cave
 18017 | IceCv    | HP: 1/87 [wolf spider simulacrum (21)]
 18017 | IceCv    | Slain by a wolf spider simulacrum

Vault maps used:
D:1:      dpeg_arrival_simpleton_b
D:2:      nicolae_gozag_cash_rules_everything_around_me, serial_undead,
          serial_undead_c, serial_undead_a, serial_undead_f, serial_undead_a,
          serial_undead_e, serial_undead_b, serial_undead_b, okawaru_trees_1,
          uniq_terence
D:3:      yredelemnul_altar_generic, first_bread, fountainhead
D:4:      zin_scriptorium, led_sif_book, minmay_temple_entry_butterflies,
          hangedman_abyss_or_decor_stagger
D:5:      nicolae_tso_carved_into_rock
D:6:      lemuel_round_altar, serial_shops, shop, shop
D:8:      overflow_temple_1_default, lemuel_coloured_pillars_altar,
          erik_lair_orcish_takeover, serial_shops, shop,
          minmay_misc_feat_pillars
D:10:     minmay_orc_entry_temple_small, enter_trove_1, grunt_ogre_cave,
          minmay_misc_feat_five, uniq_harold
Temple:   eino_temple_water_12
Lair:1:   portal_ice_cave_entry_imps, infiniplex_staircase_pool
IceCv:    ice_cave_small_necro

Action                   |  1- 3 |  4- 6 |  7- 9 | 10-12 || total
-------------------------+-------+-------+-------+-------++-------
Melee: Trident           |   131 |   336 |   595 |   438 ||  1500
       Halberd           |       |       |       |   114 ||   114
Throw: Tomahawk          |       |       |       |     2 ||     2
       Javelin           |       |       |       |     3 ||     3
       Throwing net      |       |       |       |     1 ||     1
Invok: Animate Remains   |       |       |    13 |    12 ||    25
       Recall Undead Sla |       |       |       |     2 ||     2
       Injury Mirror     |       |       |       |     1 ||     1
       Animate Dead      |       |       |       |     7 ||     7
Evoke: Wand              |       |       |     2 |     2 ||     4
       Lamp of fire      |       |       |       |     1 ||     1
  Use: Potion            |       |     6 |     2 |     1 ||     9
       Scroll            |       |     5 |    10 |     4 ||    19
 Stab: Invisible         |       |       |     2 |       ||     2
       Distracted        |       |       |     1 |     2 ||     3
  Eat: Chunk             |     1 |     3 |    22 |    12 ||    38
       Bread ration      |       |     1 |       |       ||     1
       Beef jerky        |       |       |     2 |     2 ||     4
       Meat ration       |       |       |       |     2 ||     2
       Pizza             |       |       |       |     1 ||     1
